Map: Cyber Forest LE

Players

TiPtOP - Winner!

  • Race: Terran Terran
  • League: Silver
  • Spawn Location: 11:00

VOD

Have the link to the VOD?

Description

Time

  • Played on: Aug. 19, 2019, 8:23 a.m.
  • Length: 48:06
Show
View Real Time Build Order
Export as new Build Order

TiPtOP Terran - Winner!

Build Orders:  

Get SALT Encoding   

  12  0:01  SCV  
  13  0:18  SCV  
  14  0:25  Supply Depot  
  14  0:35  SCV  
  15  0:55  SCV  
  16  1:01  Barracks  
  16  1:12  Refinery  
  16  1:13  SCV  
  17  1:30  SCV  
  17  1:33  Supply Depot  
  18  1:47  SCV  
  19  2:08  Marine  
  20  2:10  Orbital Command  
  20  2:43  Factory  
  20  3:11  Bunker  
  20  3:18  SCV  
  21  3:24  Command Center  
  21  3:28  Refinery  
  21  3:47  Barracks Tech Lab  
  21  4:20  Supply Depot  
  21  4:27  SCV  
  22  4:44  SCV  
  22  4:47  Engineering Bay  
  23  4:52  Supply Depot  
  23  5:01  SCV  
  24  5:14  Factory  
  24  5:16  Factory  
  24  5:18  SCV  
  25  5:33  Siege Tank  
  25  5:35  SCV  
  25  5:38  SCV  
  30  5:57  Orbital Command  
  30  6:15  SCV  
  30  6:19  Factory Tech Lab  
  31  6:20  Factory Reactor  
  31  6:21  Siege Tank  
  31  6:28  Missile Turret  
  34  6:32  SCV  
  35  6:49  SCV  
  36  7:00  SCV  
  36  7:06  SCV  
  36  7:09  Refinery  
  38  7:17  SCV  
  39  7:23  SCV  
  40  7:30  Command Center  
  40  7:41  Siege Tank  
  40  7:42  Siege Tank  
  40  7:45  Supply Depot  
  46  7:57  SCV x2  
  48  8:14  SCV, Armory  
  48  8:17  SCV  
  50  8:31  SCV  
  50  8:33  SCV  
  50  8:36  Refinery  
  52  8:48  SCV  
  53  8:50  SCV  
  53  8:59  Supply Depot  
  54  9:02  Supply Depot  
  54  9:05  Hellion x2, SCV  
  54  9:07  SCV  
  60  9:20  Command Center  
  60  9:22  SCV  
  60  9:24  SCV  
  60  9:25  Terran Vehicle Weapons Level 1  
  62  9:35  Hellion x2, Thor  
  62  9:39  SCV  
  73  9:41  SCV  
  74  9:56  SCV  
  74  9:58  SCV  
  76  10:06  Supply Depot  
  76  10:07  Supply Depot  
  76  10:08  Thor, Supply Depot  
  76  10:09  Supply Depot  
  82  10:13  SCV  
  82  10:15  SCV  
  84  10:23  Orbital Command  
  84  10:34  SCV x2  
  86  10:42  Siege Tank  
  86  10:51  SCV x2  
  86  10:53  Thor  
  86  10:54  Hellion  
  96  11:07  Thor  
  96  11:08  SCV x2  
  104  11:16  SCV  
  105  11:25  SCV x2  
  107  11:37  SCV  
  107  11:38  Refinery  
  107  11:39  Refinery  
  108  11:42  SCV x2  
  110  11:54  SCV  
  110  11:59  Thor  
  117  12:00  Hellbat x2  
  117  12:07  Thor  
  127  12:17  SCV x3  
  130  12:23  Missile Turret  
  130  12:29  Sensor Tower  
  130  12:34  SCV x2  
  130  12:39  Siege Tank  
  97  13:21  Hellbat  
  97  13:22  Hellbat x3  
  99  13:51  Hellbat  
  99  13:52  Thor x2, Hellbat  
  115  14:21  Hellbat x2  
  119  14:33  Refinery  
  119  14:36  Missile Turret  
  119  14:44  Refinery  
  119  14:51  Hellbat  
  119  14:52  Siege Tank, Thor  
  119  14:53  Planetary Fortress  
  130  15:01  SCV x3  
  130  15:07  Missile Turret  
  133  15:18  SCV x3  
  136  15:22  Hellion x2  
  140  15:32  Terran Vehicle Weapons Level 2  
  140  15:37  Siege Tank, Armory  
  143  15:48  Siege Tank  
  143  15:49  Supply Depot  
  143  15:50  Supply Depot  
  143  15:52  Hellion  
  143  15:53  Supply Depot  
  145  16:07  Thor  
  151  16:17  Infernal Pre-Igniter  
  151  16:21  Supply Depot  
  151  16:22  Thor  
  151  16:23  Supply Depot  
  151  16:28  Supply Depot  
  157  17:05  Factory, Command Center  
  157  17:06  Factory, Thor  
  163  17:14  Hellbat x2  
  163  17:16  Factory  
  163  17:19  Unknown, Terran Vehicle And Ship Armor Level 1  
  167  17:22  Siege Tank  
  170  17:44  Hellbat  
  172  18:06  Siege Tank  
  172  18:07  Siege Tank  
  158  18:51  Thor, Command Center  
  158  18:52  Thor  
  158  18:58  Refinery, Factory Tech Lab x2  
  120  19:24  Factory Tech Lab  
  120  19:28  Thor x2  
  120  19:29  Hellion  
  134  19:30  Hellion  
  136  19:40  Terran Vehicle Weapons Level 3  
  136  19:49  Thor  
  142  19:51  Thor  
  142  19:52  Hellion  
  142  19:55  Factory  
  142  19:59  Hellion  
  121  20:00  Hellion  
  152  20:06  Starport  
  154  20:21  Thor  
  154  20:28  Thor  
  168  20:49  Missile Turret x2  
  168  20:53  Refinery, Planetary Fortress  
  168  20:56  Missile Turret  
  168  20:58  Hellion  
  168  21:03  Thor x2  
  168  21:04  Hellion x2  
  184  21:10  Planetary Fortress  
  184  21:21  Thor  
  184  21:28  Hellion  
  192  21:57  Sensor Tower  
  192  22:39  Siege Tank  
  192  22:40  Siege Tank  
  150  23:41  Fusion Core  
  150  24:02  Starport  
  150  24:07  Starport  
  150  24:11  Starport x2  
  150  24:13  Starport  
  150  24:37  Siege Tank x2  
  150  24:44  Terran Vehicle And Ship Armor Level 2  
  150  24:45  Terran Ship Weapons Level 1  
  150  24:51  Starport Tech Lab  
  150  24:52  Refinery  
  150  24:56  Refinery  
  150  24:58  Starport  
  150  25:00  Starport Tech Lab  
  150  25:01  Starport Tech Lab x3  
  150  25:14  Hellion x4  
  150  25:15  Hellion x3  
  164  25:44  Hellion x4  
  164  25:45  Hellion x2  
  176  26:07  Structure Armor  
  176  26:36  Battlecruiser x4  
  182  27:08  Battlecruiser  
  118  27:33  Starport Tech Lab  
  101  27:44  Hellion  
  101  27:45  Hellion x4  
  104  28:05  Battlecruiser  
  104  28:06  Battlecruiser x3  
  130  28:38  Battlecruiser  
  109  29:30  Terran Ship Weapons Level 2  
  109  29:35  Battlecruiser  
  109  29:36  Battlecruiser x3  
  133  30:06  Weapon Refit  
  133  30:07  Battlecruiser  
  139  30:22  Command Center  
  139  30:49  Command Center  
  139  31:03  Refinery  
  139  31:04  Refinery  
  139  31:05  Battlecruiser, SCV  
  139  31:08  Missile Turret  
  146  31:12  Refinery  
  146  31:15  Refinery  
  146  31:22  SCV  
  147  31:37  Battlecruiser  
  147  31:39  SCV  
  148  31:45  Battlecruiser  
  148  31:52  Battlecruiser  
  148  31:57  Battlecruiser  
  143  32:26  SCV  
  137  32:35  Battlecruiser  
  125  33:07  Battlecruiser  
  131  33:14  Battlecruiser  
  137  33:22  Battlecruiser  
  137  33:27  Battlecruiser  
  139  34:00  Planetary Fortress  
  139  34:05  Battlecruiser  
  139  34:37  Battlecruiser  
  145  35:38  Refinery  
  121  37:06  Battlecruiser  
  121  37:07  Battlecruiser x3  
  139  38:30  Terran Ship Weapons Level 3  
  139  38:32  Terran Vehicle And Ship Armor Level 3  
  139  40:02  Siege Tank  
  139  40:23  Battlecruiser x3  
  157  41:14  Refinery  
  157  41:16  Refinery  
  157  43:33  Starport Tech Lab  
  157  43:42  Hellion  
  157  43:48  Battlecruiser x3  
  177  44:01  Supply Depot x2  
  177  44:02  Supply Depot  
  177  44:03  Supply Depot  
  177  44:11  Command Center  
  177  44:31  Battlecruiser  
Tags
 
Add a new tag
Caveats
  • Supply blocks, unpowered buildings, or Contaminate may cause inaccurate times.
  • Supply counts are checked every 10 seconds.